TOP OF THE 1ST |
Kelowna Heat batting - Pitching for Calgary Flames : RHP Antonio Reyes
|
Pitching: RHP Antonio Reyes
|
|
Batting: LHB Mason Duffy
|
0-0: Swinging Strike 0-1: Swinging Strike 0-2: Ball 1-2: Strikes out swinging
|
Batting: RHB Tony Harper
|
0-0: Called Strike 0-1: Foul Ball, location: 2F 0-2: Ball 1-2: Strikes out swinging
|
Batting: LHB Mike Roberts
|
0-0: Called Strike 0-1: Foul Ball, location: 2F 0-2: Strikes out looking
|
Top of the 1st over - 0 runs, 0 hits, 0 errors, 0 left on base; Kelowna 0 - Calgary 0 |
BOTTOM OF THE 1ST |
Calgary Flames batting - Pitching for Kelowna Heat : RHP Jonathan Fritzinger
|
Pitching: RHP Jonathan Fritzinger
|
|
Batting: RHB Elias Vences
|
0-0: Foul Ball, location: 2F 0-1: Ball 1-1: Ball 2-1: Called Strike 2-2: Ball 3-2: Ground out 6-3 (Groundball, 6M, EV 82.5 MPH)
|
Batting: LHB Dean Luttman
|
0-0: Ball 1-0: Foul Ball, location: 2F 1-1: Ball 2-1: Foul Ball, location: 2F 2-2: Strikes out swinging
|
Batting: LHB Carlos Cuellar
|
0-0: Called Strike 0-1: Ball 1-1: Swinging Strike 1-2: Ball 2-2: Foul Ball, location: 2F 2-2: Strikes out swinging
|
Bottom of the 1st over - 0 runs, 0 hits, 0 errors, 0 left on base; Kelowna 0 - Calgary 0 |
TOP OF THE 2ND |
Kelowna Heat batting - Pitching for Calgary Flames : RHP Antonio Reyes
|
Batting: RHB Brian Rogers
|
0-0: Ball 1-0: SINGLE (Flyball, 89S, EV 90.6 MPH)
|
Batting: LHB Steve Nevis
|
0-0: Grounds into double play, 5-4-3 (Groundball, 56, EV 88.8 MPH)
|
Batting: RHB Jaime Rios
|
0-0: Ball 1-0: Called Strike 1-1: Swinging Strike 1-2: Strikes out swinging
|
Top of the 2nd over - 0 runs, 1 hit, 0 errors, 0 left on base; Kelowna 0 - Calgary 0 |
BOTTOM OF THE 2ND |
Calgary Flames batting - Pitching for Kelowna Heat : RHP Jonathan Fritzinger
|
Batting: RHB Mike MacLeod
|
0-0: Called Strike 0-1: Swinging Strike 0-2: Fly out, F6 (Flyball, 6MD, EV 83.8 MPH)
|
Batting: SHB Isaiah Scates
|
0-0: Ball 1-0: Ball 2-0: Ball 3-0: Called Strike 3-1: SINGLE (Line Drive, 78S, EV 91.9 MPH)
|
Batting: RHB Brian DeVoe
|
0-0: Foul Ball, location: 2F 0-1: Ball Passed Ball! Isaiah Scates to second 1-1: Ball 2-1: Foul Ball, location: 2F 2-2: Foul Ball, location: 2F 2-2: Ball 3-2: Foul Ball, location: 2F 3-2: Foul Ball, location: 2F 3-2: Foul Ball, location: 2F 3-2: SINGLE (Line Drive, 8LS, EV 101.2 MPH) Isaiah Scates to third Runner from 3rd tries for Home, SAFE, throw by CF to home Brian DeVoe to second
|
Batting: RHB Jon Groseclose
|
0-0: Foul Ball, location: 2F 0-1: Ball 1-1: 2-RUN HOME RUN (Line Drive, 7LD, EV 106.9 MPH), Distance : 389 ft
|
Batting: LHB Justin Daley
|
0-0: Foul Ball, location: 2F 0-1: Fly out, F4 (Popup, 4S, EV 71.2 MPH)
|
Batting: RHB Alex Collazo
|
0-0: Ball 1-0: Ball 2-0: Fly out, F8 (Line Drive, 8RD, EV 98.1 MPH)
|
Bottom of the 2nd over - 3 runs, 3 hits, 0 errors, 0 left on base; Kelowna 0 - Calgary 3 |
TOP OF THE 3RD |
Kelowna Heat batting - Pitching for Calgary Flames : RHP Antonio Reyes
|
Batting: RHB Malik Sharpless
|
0-0: DOUBLE (Flyball, 8LXD, EV 113.1 MPH)
|
Batting: RHB Zach Maguire
|
0-0: Called Strike 0-1: Swinging Strike 0-2: Ball 1-2: Ball 2-2: Strikes out looking
|
Batting: RHB Josh Truell
|
0-0: Ball 1-0: Ball 2-0: Ball 3-0: Called Strike 3-1: Called Strike 3-2: Foul Ball, location: 2F 3-2: Base on Balls
|
Batting: LHB Mason Duffy
|
0-0: Called Strike 0-1: Ball 1-1: Swinging Strike 1-2: Ball 2-2: Foul Ball, location: 2F 2-2: Fly out, F8 (Line Drive, 8LD, EV 84.4 MPH) Runner from 2nd tags up, OUT at 3rd! 8-5
|
Top of the 3rd over - 0 runs, 1 hit, 0 errors, 1 left on base; Kelowna 0 - Calgary 3 |
BOTTOM OF THE 3RD |
Calgary Flames batting - Pitching for Kelowna Heat : RHP Jonathan Fritzinger
|
Batting: RHB Elias Vences
|
0-0: Ball 1-0: Ball 2-0: Swinging Strike 2-1: Ball 3-1: Base on Balls
|
Batting: LHB Dean Luttman
|
0-0: Fly out, F4 (Popup, 4S, EV 68.8 MPH)
|
Batting: LHB Carlos Cuellar
|
0-0: Called Strike Elias Vences steals 2nd base 0-1: Ground out 5-3 (Groundball, 56, EV 88.1 MPH)
|
Batting: RHB Mike MacLeod
|
0-0: Ball 1-0: Swinging Strike 1-1: Swinging Strike 1-2: Strikes out swinging
|
Bottom of the 3rd over - 0 runs, 0 hits, 0 errors, 1 left on base; Kelowna 0 - Calgary 3 |
TOP OF THE 4TH |
Kelowna Heat batting - Pitching for Calgary Flames : RHP Antonio Reyes
|
Batting: RHB Tony Harper
|
0-0: Ball 1-0: Called Strike 1-1: Ball 2-1: Foul Ball, location: 2F 2-2: Foul Ball, location: 2F 2-2: Strikes out looking
|
Batting: LHB Mike Roberts
|
0-0: Called Strike 0-1: Called Strike 0-2: Foul Ball, location: 2F 0-2: Ball 1-2: Foul Ball, location: 2F 1-2: Ball 2-2: Foul Ball, location: 2F 2-2: Strikes out looking
|
Batting: RHB Brian Rogers
|
0-0: Ball 1-0: Called Strike 1-1: Ball 2-1: Foul Ball, location: 2F 2-2: Foul Ball, location: 2F 2-2: Ball 3-2: SOLO HOME RUN (Flyball, 7D, EV 98.8 MPH), Distance : 411 ft
|
Batting: LHB Steve Nevis
|
0-0: Ball 1-0: Foul Ball, location: 2F 1-1: Foul Ball, location: 2F 1-2: Ball 2-2: Ball 3-2: Strikes out swinging
|
Top of the 4th over - 1 run, 1 hit, 0 errors, 0 left on base; Kelowna 1 - Calgary 3 |
BOTTOM OF THE 4TH |
Calgary Flames batting - Pitching for Kelowna Heat : RHP Jonathan Fritzinger
|
Batting: SHB Isaiah Scates
|
0-0: Ball 1-0: Ground out 4-3 (Groundball, 4, EV 108.1 MPH)
|
Batting: RHB Brian DeVoe
|
0-0: Foul Ball, location: 2F 0-1: Called Strike 0-2: Ball 1-2: Foul Ball, location: 2F 1-2: Fly out, F6 (Popup, 4MD, EV 70.6 MPH)
|
Batting: RHB Jon Groseclose
|
0-0: Ball 1-0: Ball 2-0: Called Strike 2-1: Ball 3-1: Called Strike 3-2: SINGLE (Groundball, 6MD, EV 107.5 MPH)
|
Batting: LHB Justin Daley
|
0-0: Foul Ball, location: 2F 0-1: Ball 1-1: Swinging Strike 1-2: SINGLE (Flyball, 7LS, EV 88.8 MPH) Jon Groseclose to second
|
Batting: RHB Alex Collazo
|
0-0: Ball Passed Ball! Jon Groseclose to third Justin Daley to second 1-0: Called Strike 1-1: Ball 2-1: Swinging Strike 2-2: Ball 3-2: Ground out 5-3 (Groundball, 56S, EV 69.4 MPH)
|
Bottom of the 4th over - 0 runs, 2 hits, 0 errors, 2 left on base; Kelowna 1 - Calgary 3 |
TOP OF THE 5TH |
Kelowna Heat batting - Pitching for Calgary Flames : RHP Antonio Reyes
|
Batting: RHB Jaime Rios
|
0-0: Called Strike 0-1: Called Strike 0-2: Ball 1-2: Foul Ball, location: 2F 1-2: Ball 2-2: Strikes out looking
|
Batting: RHB Malik Sharpless
|
0-0: Called Strike 0-1: Called Strike 0-2: Foul Ball, location: 2F 0-2: Strikes out swinging
|
Batting: RHB Zach Maguire
|
0-0: SINGLE (Groundball, 4MD, EV 106.9 MPH)
|
Batting: RHB Josh Truell
|
0-0: Foul Ball, location: 2F 0-1: Ball 1-1: 2-RUN HOME RUN (Flyball, 7LD, EV 95.6 MPH), Distance : 362 ft
|
Batting: LHB Mason Duffy
|
0-0: Swinging Strike 0-1: Ball 1-1: Foul Ball, location: 2F 1-2: Ball 2-2: Foul Ball, location: 2F 2-2: Strikes out looking
|
Top of the 5th over - 2 runs, 2 hits, 0 errors, 0 left on base; Kelowna 3 - Calgary 3 |
BOTTOM OF THE 5TH |
Calgary Flames batting - Pitching for Kelowna Heat : RHP Jonathan Fritzinger
|
Batting: RHB Elias Vences
|
0-0: Bunt for hit to 5S - play at first, batter OUT! 5-3
|
Batting: LHB Dean Luttman
|
0-0: Called Strike 0-1: Foul Ball, location: 2F 0-2: Foul Ball, location: 2F 0-2: Ball 1-2: Ball 2-2: Foul Ball, location: 2F 2-2: Strikes out swinging
|
Batting: LHB Carlos Cuellar
|
0-0: Ball 1-0: Ball 2-0: Ball 3-0: Base on Balls
|
Batting: RHB Mike MacLeod
|
0-0: Foul Ball, location: 2F 0-1: Ball 1-1: Ball 2-1: Ball 3-1: Base on Balls Carlos Cuellar to second
|
Batting: SHB Isaiah Scates
|
0-0: Called Strike 0-1: Ground out 4-3 (Groundball, 4, EV 103.1 MPH)
|
Bottom of the 5th over - 0 runs, 0 hits, 0 errors, 2 left on base; Kelowna 3 - Calgary 3 |
TOP OF THE 6TH |
Kelowna Heat batting - Pitching for Calgary Flames : RHP Antonio Reyes
|
Batting: RHB Tony Harper
|
0-0: Called Strike 0-1: Swinging Strike 0-2: Ball 1-2: Strikes out swinging
|
Batting: LHB Mike Roberts
|
0-0: Ball 1-0: Foul Ball, location: 2F 1-1: Fly out, F7 (Flyball, 7S, EV 85.0 MPH)
|
Batting: RHB Brian Rogers
|
0-0: Called Strike 0-1: Ball 1-1: Ball 2-1: Swinging Strike 2-2: Ball 3-2: Strikes out looking
|
Top of the 6th over - 0 runs, 0 hits, 0 errors, 0 left on base; Kelowna 3 - Calgary 3 |
BOTTOM OF THE 6TH |
Calgary Flames batting - Pitching for Kelowna Heat : RHP Jonathan Fritzinger
|
Pitching: RHP Chance Robinson
|
|
Batting: RHB Brian DeVoe
|
0-0: Called Strike 0-1: Ball 1-1: Ground out 6-3 (Groundball, 6, EV 83.1 MPH)
|
Batting: RHB Jon Groseclose
|
0-0: Ball 1-0: Foul Ball, location: 2F 1-1: Foul Ball, location: 2F 1-2: Ball 2-2: Foul Ball, location: 2F 2-2: Ball 3-2: Strikes out swinging
|
Batting: LHB Justin Daley
|
0-0: Called Strike 0-1: Foul Ball, location: 2F 0-2: Strikes out looking
|
Bottom of the 6th over - 0 runs, 0 hits, 0 errors, 0 left on base; Kelowna 3 - Calgary 3 |
TOP OF THE 7TH |
Kelowna Heat batting - Pitching for Calgary Flames : RHP Antonio Reyes
|
Pitching: RHP Brice MacKenzie
|
|
Batting: LHB Steve Nevis
|
0-0: Called Strike 0-1: Called Strike 0-2: Ball 1-2: Foul Ball, location: 2F 1-2: Ball 2-2: Fly out, F7 (Flyball, 7LS, EV 91.2 MPH)
|
Batting: RHB Jaime Rios
|
0-0: Ball 1-0: Foul Ball, location: 2F 1-1: Ball 2-1: Ball 3-1: SINGLE (Groundball, 6MD, EV 97.5 MPH)
|
Batting: RHB Malik Sharpless
|
0-0: Ball 1-0: DOUBLE (Line Drive, 78XD, EV 111.9 MPH) Jaime Rios to third
|
Batting: RHB Zach Maguire
|
0-0: Called Strike 0-1: Foul Ball, location: 2F 0-2: Strikes out looking
|
Batting: RHB Josh Truell
|
0-0: Ball 1-0: Foul Ball, location: 2F 1-1: Foul Ball, location: 2F 1-2: Ground out 6-3 (Groundball, 6, EV 104.4 MPH)
|
Top of the 7th over - 0 runs, 2 hits, 0 errors, 2 left on base; Kelowna 3 - Calgary 3 |
BOTTOM OF THE 7TH |
Calgary Flames batting - Pitching for Kelowna Heat : RHP Chance Robinson
|
Pitching: LHP Christian Rogers
|
|
Batting: RHB Alex Collazo
|
0-0: Called Strike 0-1: Ball 1-1: Called Strike 1-2: Ball 2-2: Ball 3-2: Foul Ball, location: 2F 3-2: Base on Balls
|
Batting: RHB Elias Vences
|
0-0: Called Strike 0-1: Sac Bunt to 13S - play at first, batter OUT! 1-4 Alex Collazo to second
|
Pinch Hitting: RHB Ryan Tatum
|
0-0: Intentional Walk
|
Pinch Hitting: RHB Eric McMillian
|
0-0: Called Strike 0-1: Ball 1-1: Swinging Strike 1-2: Foul Ball, location: 2F 1-2: Foul Ball, location: 2F 1-2: Foul Ball, location: 2F 1-2: Fielders Choice at 2nd, 1-6 (Groundball, 13S, EV 70.6 MPH) Alex Collazo to third
|
Batting: RHB Mike MacLeod
|
0-0: Ball 1-0: Foul Ball, location: 2F 1-1: Ball 2-1: Foul Ball, location: 2F 2-2: Foul Ball, location: 2F 2-2: Ball 3-2: Base on Balls Eric McMillian to second
|
Batting: SHB Isaiah Scates
|
0-0: Foul Ball, location: 2F 0-1: Ball 1-1: Called Strike 1-2: Foul Ball, location: 2F 1-2: Reached on error, E2 (Groundball, 13S, EV 66.2 MPH) Alex Collazo scores Eric McMillian scores Mike MacLeod to third
|
Batting: RHB Brian DeVoe
|
0-0: Ball 1-0: Swinging Strike 1-1: Ball 2-1: Called Strike 2-2: Ball 3-2: Foul Ball, location: 2F 3-2: DOUBLE (Flyball, 89D, EV 105.0 MPH) Mike MacLeod scores Isaiah Scates scores
|
Pitching: RHP Harry Dickson
|
|
Batting: RHB Jon Groseclose
|
0-0: Called Strike 0-1: Ball 1-1: Ball Passed Ball! Brian DeVoe to third 2-1: Swinging Strike 2-2: Strikes out swinging
|
Bottom of the 7th over - 4 runs, 1 hit, 1 error, 1 left on base; Kelowna 3 - Calgary 7 |
TOP OF THE 8TH |
Kelowna Heat batting - Pitching for Calgary Flames : RHP Brice MacKenzie
|
Pitching: LHP Bill Hussey
|
|
Now at 1B: Ricardo Ortiz
|
|
Now in RF: James McCauley
|
|
Batting: LHB Mason Duffy
|
0-0: Ball 1-0: Ball 2-0: SINGLE (Line Drive, 4MD, EV 106.9 MPH)
|
Batting: RHB Tony Harper
|
0-0: DOUBLE (Flyball, 89D, EV 108.1 MPH) Mason Duffy to third
|
Batting: LHB Mike Roberts
|
0-0: Ball 1-0: Foul Ball, location: 2F 1-1: SINGLE (Groundball, 6MS, EV 70.0 MPH) (infield hit) Mason Duffy scores Tony Harper to third
|
Pinch Runner at 1st Ryan Roberts:
|
|
Batting: RHB Brian Rogers
|
0-0: Called Strike 0-1: Called Strike 0-2: SINGLE (Groundball, 6D, EV 109.4 MPH) Tony Harper scores Ryan Roberts to second Runner from 2nd tries for 3rd, SAFE, throw by LF made to third
|
Batting: LHB Steve Nevis
|
0-0: Fly out, F1 (Popup, P, EV 71.9 MPH)
|
Batting: RHB Jaime Rios
|
0-0: Swinging Strike 0-1: Foul Ball, location: 2F 0-2: Ball 1-2: Ball 2-2: Foul Ball, location: 2F 2-2: Ball 3-2: Base on Balls Brian Rogers to second
|
Batting: RHB Malik Sharpless
|
0-0: Hit by Pitch Ryan Roberts scores Brian Rogers to third Jaime Rios to second
|
Batting: RHB Zach Maguire
|
0-0: Ball 1-0: Ball 2-0: Called Strike 2-1: Ball 3-1: Base on Balls Brian Rogers scores Jaime Rios to third Malik Sharpless to second
|
Pitching: LHP Manny Santiago
|
|
Batting: RHB Josh Truell
|
0-0: Called Strike 0-1: Ball 1-1: Called Strike 1-2: Fly out, F9 (Flyball, 89D, EV 98.8 MPH) Runner from 3rd tags up, SCORES, throw by RF Malik Sharpless to third
|
Batting: LHB Mason Duffy
|
0-0: Ball 1-0: Foul Ball, location: 2F 1-1: Ball 2-1: Foul Ball, location: 2F 2-2: Ball 3-2: Fly out, F3 (Line Drive, 3, EV 67.5 MPH)
|
Top of the 8th over - 5 runs, 4 hits, 0 errors, 2 left on base; Kelowna 8 - Calgary 7 |
BOTTOM OF THE 8TH |
Calgary Flames batting - Pitching for Kelowna Heat : RHP Harry Dickson
|
Now in LF: Chris West
|
|
Batting: LHB Justin Daley
|
0-0: Ball 1-0: Ball 2-0: Swinging Strike 2-1: Ball 3-1: Fly out, F9 (Line Drive, 9, EV 85.6 MPH)
|
Batting: RHB Alex Collazo
|
0-0: Ball 1-0: Foul Ball, location: 2F 1-1: Foul Ball, location: 2F 1-2: Strikes out swinging
|
Batting: RHB Elias Vences
|
0-0: Called Strike 0-1: Called Strike 0-2: Ball 1-2: Ball 2-2: Ball 3-2: Strikes out looking
|
Bottom of the 8th over - 0 runs, 0 hits, 0 errors, 0 left on base; Kelowna 8 - Calgary 7 |
TOP OF THE 9TH |
Kelowna Heat batting - Pitching for Calgary Flames : LHP Manny Santiago
|
Batting: RHB Tony Harper
|
0-0: Called Strike 0-1: Foul Ball, location: 2F 0-2: Ball 1-2: Ground out 6-3 (Groundball, 6, EV 103.1 MPH)
|
Batting: LHB Chris West
|
0-0: Ball 1-0: Swinging Strike 1-1: Called Strike 1-2: Foul Ball, location: 2F 1-2: Strikes out swinging
|
Batting: RHB Brian Rogers
|
0-0: Ball 1-0: Ball 2-0: Foul Ball, location: 2F 2-1: Ball 3-1: Base on Balls
|
Batting: LHB Steve Nevis
|
0-0: SINGLE (Line Drive, 89M, EV 99.4 MPH) Brian Rogers to second
|
Batting: RHB Jaime Rios
|
0-0: Called Strike 0-1: Ball 1-1: Ball 2-1: Swinging Strike 2-2: Strikes out swinging
|
Top of the 9th over - 0 runs, 1 hit, 0 errors, 2 left on base; Kelowna 8 - Calgary 7 |
BOTTOM OF THE 9TH |
Calgary Flames batting - Pitching for Kelowna Heat : RHP Harry Dickson
|
Pitching: RHP Sam Drews
|
|
Batting: LHB James McCauley
|
0-0: Foul Ball, location: 2F 0-1: Ground out 4-3 (Groundball, 4M, EV 85.0 MPH)
|
Batting: RHB Ricardo Ortiz
|
0-0: Ball 1-0: Ball 2-0: SINGLE (Line Drive, 89S, EV 104.4 MPH)
|
Batting: RHB Mike MacLeod
|
0-0: Foul Ball, location: 2F 0-1: Ball 1-1: Ball 2-1: 2-RUN HOME RUN (Flyball, 78XD, EV 107.5 MPH), Distance : 452 ft
|
Bottom of the 9th over - 2 runs, 2 hits, 0 errors, 0 left on base; Kelowna 8 - Calgary 9 |
|
Game Over ... Calgary defeats Kelowna, 9 to 8
|
|
|